 Dungeon Crawl Stone Soup version 0.22-a0-161-g198051c (webtiles) character file.

296 100101001 the Shield-Bearer (level 6, 0/49 HPs)
             Began as a Formicid Fighter on Feb 11, 2018.
             Was a Follower of Cheibriados.
             Killed by divine providence
             ... invoked by an orc priest
              (12 damage)
             ... on level 4 of the Dungeon.
             The game lasted 00:02:59 (2249 turns).

100101001 the Shield-Bearer (Formicid Fighter)      Turns: 2249, Time: 00:03:00

Health: 0/49       AC: 13    Str: 28    XL:     6   Next: 61%
Magic:  6/6        EV:  6    Int: 10    God:    Cheibriados [*.....]
Gold:   125        SH: 11    Dex: 13    Spells: 5/5 levels left

rFire    . . .     SeeInvis +   a - +0 long sword
rCold    . . .     Gourm    .   c - +0 shield
rNeg     . . .     Faith    .   h - +0 plate armour
rPois    .         Spirit   .   (helmet unavailable)
rElec    .         Reflect  .   (no cloak)
rCorr    .         Harm     .   o - +0 pair of gloves
MR       .....                  (no boots)
Stlth    ..........             b - amulet of regeneration
HPRegen  0.56/turn              (no ring)
MPRegen  0.10/turn              (no ring)

@: mighty, very slow
A: permanent stasis, dig shafts and tunnels, four strong arms, antennae 3
a: Dig, Shaft Self, Bend Time, Renounce Religion


You were on level 4 of the Dungeon.
You worshipped Cheibriados.
Cheibriados was aware of your devotion.
You were hungry.

You visited 1 branch of the dungeon, and saw 4 of its levels.

You collected 125 gold pieces.

Inventory:

Hand Weapons
 a - a +0 long sword (weapon)
Missiles
 r - 43 arrows
Armour
 c - a +0 shield (worn)
 h - a +0 plate armour (worn)
 o - a +0 pair of gloves (worn)
Jewellery
 b - an amulet of regeneration (around neck)
Scrolls
 e - 4 scrolls of identify {unknown}
 g - a scroll of remove curse {unknown}
 j - 2 scrolls of blinking {unknown}
 l - a scroll of magic mapping {unknown}
 q - a scroll of immolation {unknown}
Potions
 i - 2 potions of heal wounds {unknown}
 k - a potion of invisibility {unknown}
 m - a potion of mutation {unknown}
 n - 2 potions of flight {unknown}
 p - a potion of curing {unknown}
Comestibles
 f - 9 rations


   Skills:
 + Level 4.7 Fighting
 + Level 3.6 Long Blades
 + Level 4.7 Armour
 + Level 5.2 Shields


You had 5 spell levels left.
You didn't know any spells.

Dungeon Overview and Level Annotations

Branches:
Dungeon (4/15)
 Temple: D:4-7

Altars:
Cheibriados
Dithmenos
Fedhas
Okawaru
Uskayaw
Xom
The Shining One


Innate Abilities, Weirdness & Mutations

You cannot be hasted, slowed, berserked, paralysed or teleported.
You can dig through walls and to a lower floor.
Your four strong arms can wield two-handed weapons with a shield.
You have a pair of large antennae on your head. (SInv)


Message History

You hit the orc.
You kill the orc!
Cheibriados thoroughly appreciates the change of pace.
Cheibriados slows and strengthens your metabolism.
Cheibriados raises the support of your attributes as your movement slows.
The orc priest looks braver for a moment.
You are feeling hungry.
You hit the orc priest.
The orc priest is moderately wounded.
The orc priest calls upon Beogh to heal the orc priest.
The orc priest's wounds heal themselves!
The orc priest completely misses you.
The orc priest invokes the aid of Beogh against you.
Beogh smites you!
* * * LOW HITPOINT WARNING * * *
You barely miss the orc priest.
The orc priest hits you but does no damage.
The orc priest mumbles some strange prayers to Beogh against you.
Beogh smites you!
You die...

##.# ##.#...
#####.#####....<
#.........##.... #.#
#.###......# # #.#
#........... .##. #.#
#####.####.# .....## #.#
#.# #.#
.......###.#######.####.#
#oo@...............#
#o################## ...
...#. ..⌠..#. .... .. ...
## .##


You could see 2 orc priests and an orc.

Vanquished Creatures
  A black bear (D:4)
  2 orc priests (D:2)
  Ijyb (D:4)
  A gnoll (D:1)
  5 adders
  A worm (D:2)
  A dart slug (D:2)
  2 leopard geckos
  8 orcs
  6 bats
  3 giant cockroaches
  5 goblins
  7 hobgoblins
  4 jackals
  2 quokkas
  5 frilled lizards (D:1)
  2 kobolds
  6 rats
62 creatures vanquished.

Vanquished Creatures (others)
  4 toadstools (D:1)
4 creatures vanquished.

Grand Total: 66 creatures vanquished

Notes
Turn   | Place    | Note
-------+----------+-------------------------------------------
     0 | D:1      | 100101001 the Formicid Fighter began the quest for the Orb.
     0 | D:1      | Reached XP level 1. HP: 18/18 MP: 1/1
    89 | D:1      | Reached XP level 2. HP: 11/24 MP: 2/2
   299 | D:1      | Reached XP level 3. HP: 29/29 MP: 3/3
   330 | D:1      | Reached skill level 4 in Shields
   852 | D:2      | Reached XP level 4. HP: 24/37 MP: 4/4
  1047 | D:2      | Found a shadowy altar of Dithmenos.
  1158 | D:2      | Reached XP level 5. HP: 42/42 MP: 5/5
  1171 | D:2      | Found a snail-covered altar of Cheibriados.
  1203 | D:2      | Became a worshipper of Cheibriados the Contemplative
  1589 | D:3      | Found a glowing golden altar of the Shining One.
  1591 | D:3      | Found a shimmering altar of Xom.
  1591 | D:3      | Found a stormy altar of Qazlal.
  1593 | D:3      | Found a hide-covered altar of Uskayaw.
  1593 | D:3      | Found a blossoming altar of Fedhas.
  1593 | D:3      | Found an iron altar of Okawaru.
  2129 | D:4      | Found a glowing golden altar of the Shining One.
  2212 | D:4      | Noticed Ijyb
  2220 | D:4      | Noticed a black bear
  2237 | D:4      | Killed Ijyb
  2237 | D:4      | Reached XP level 6. HP: 38/49 MP: 6/6
  2240 | D:4      | Killed a black bear
  2240 | D:4      | Reached skill level 5 in Shields
  2247 | D:4      | Reached * piety under Cheibriados
  2249 | D:4      | Killed from afar by an orc priest

Vault maps used:
D:1:      ldierk_walled_garden_2, dk_noncrumbling_4
D:2:      lemuel_doored_altar, cheibriados_altar_1
D:3:      doesnt_xom_only_xom
D:4:      kennysheep_little_box, grunt_temple_overflow_open, kennysheep_mini,
          minmay_temple_entry_large_hall, tso_metal_star, uniq_ijyb

Skill      XL: |  1  2  3  4  5  6 |
---------------+-------------------+-----
Shields        | 4 5 |  5.2
Fighting       | 4 |  4.7
Long Blades    | 3 |  3.6
Armour         | 4 |  4.7

Action                   |  1- 3 |  4- 6 || total
-------------------------+-------+-------++-------
Melee: Long sword        |    74 |   114 ||   188
  Use: Potion            |       |     1 ||     1
  Eat: Chunk             |       |     5 ||     5
Armor: Scale mail        |    22 |       ||    22
       Plate armour      |    26 |    73 ||    99
Dodge: Dodged            |    23 |    24 ||    47
Block: Shield            |    48 |    60 ||   108
       Rpst.: Long sword |     4 |    11 ||    15

Table legend:
 A = Spawn XP
 B = Non-spawn XP
 C = Spawn XP percentage of total XP
 D = Spawn monster count
 E = Non-spawn monster count
 F = Spawn count percentage of total count
 G = Total turns spent on level
                    A         B        C        D         E        F      G
               +---------+---------+-------+---------+---------+-------+---------
         Total |       0 |     423 |   0.0 |       0 |      62 |   0.0 |  2249
               +---------+---------+-------+---------+---------+-------+---------
           D:1 |       0 |      51 |   0.0 |       0 |      25 |   0.0 |   791
           D:2 |       0 |     154 |   0.0 |       0 |      19 |   0.0 |   448
           D:3 |       0 |      29 |   0.0 |       0 |       9 |   0.0 |   889
           D:4 |       0 |     189 |   0.0 |       0 |       9 |   0.0 |   121
               +---------+---------+-------+---------+---------+-------+---------
